 Dungeon Crawl Stone Soup version 0.30-a0-782-ge64f9170bb (webtiles) character file.

Game seed: 11201287045841997427

141 Angani the Purveyor of Pain (level 5, -2/38 HPs)
             Began as a Draconian Necromancer on Feb 23, 2023.
             Was an Initiate of Kikubaaqudgha.
             Slain by a gnoll
             ... wielding a +0 spear
             ... led by a gnoll bouda
              (7 damage)
             ... on level 4 of the Dungeon.
             The game lasted 00:04:10 (3081 turns).

Angani the Purveyor of Pain (Draconian Necromancer) Turns: 3081, Time: 00:04:10

Health: -2/38      AC:  5    Str: 12    XL:     5   Next: 3%
Magic:  1/8        EV: 12    Int: 16    God:    Kikubaaqudgha [......]
Gold:   140        SH:  0    Dex: 11    Spells: 6/8 levels left

rFire   . . .      SeeInvis .      - Unarmed
rCold   . . .      Faith    .    (no shield)
rNeg    . . .      Spirit   .    (body armour unavailable)
rPois   .          Reflect  .    (helmet restricted)
rElec   .          Harm     .    (no cloak)
rCorr   .          Rampage  .    (no gloves)
Will    .....                    (no boots)
Stlth   ++                       h - amulet of the acrobat
HPRegen 0.26/turn                (no ring)
MPRegen 0.11/turn                (no ring)

@: no status effects
A: AC +5, unfitting armour, cold-blooded
a: Renounce Religion


You were on level 4 of the Dungeon.
You worshipped Kikubaaqudgha.
Kikubaaqudgha was noncommittal.
You visited 1 branch of the dungeon, and saw 4 of its levels.

You collected 140 gold pieces.

Inventory:

Jewellery
 h - an amulet of the acrobat (around neck)
Wands
 m - a wand of iceblast (7)
Scrolls
 c - 2 scrolls of vulnerability
 g - a scroll of fog
 i - a scroll of acquirement {unknown}
 k - a scroll of silence {unknown}
 l - a scroll of amnesia {unknown}
 n - a scroll of teleportation
 o - a scroll of brand weapon {unknown}
Potions
 a - a potion of magic
 j - a potion of mutation
 p - 2 potions of berserk rage
 q - a potion of heal wounds


   Skills:
 - Level 0.2 Fighting
 - Level 1.7 Dodging
 + Level 3.6 Stealth
 + Level 2.9 Unarmed Combat
 - Level 2.0 Spellcasting
 - Level 4.0 Necromancy
 + Level 1.3 Transmutations


You had 6 spell levels left.
You knew the following spells:

 Your Spells              Type           Power      Damage    Failure   Level
a - Necrotise             Necr           56%        1d6       4%          1
b - Beastly Appendage     Tmut           12%        N/A       12%         1

Your spell library contained the following spells:

 Spells                   Type           Power      Damage    Failure   Level
 Vampiric Draining        Necr           14%        2d7       12%         3
 Wereblood                Tmut           6%         N/A       19%         2
 Magic Dart               Conj           4%         1d3       21%         1
 Call Imp                 Summ           1%         N/A       30%         2
 Animate Dead             Necr           14%        N/A       36%         4
 Spider Form              Tmut/Pois      3%         N/A       43%         3
 Mephitic Cloud           Conj/Pois/Air  1%         N/A       52%         3
 Agony                    Necr           14%        N/A       73%         5
 Blade Hands              Tmut           3%         N/A       97%         5
 Irradiate                Conj/Tmut      1%         3d12      99%         5
 Dragon Form              Tmut           3%         N/A       100%        7


Dungeon Overview and Level Annotations

Branches:
Dungeon (4/15)
 Temple: D:4-7

Altars:
Kikubaaqudgha

Annotations:
D:2 Natasha
D:3 3 runed translucent doors, Leeroy's ghost, amateur OpTm


Innate Abilities, Weirdness & Mutations

Your plain brown scales are hard. (AC +5)
You cannot fit into any form of body armour.
You are cold-blooded and may be slowed by cold attacks.


Message History

The gnoll bouda hits you but does no damage.
The gnoll hits you but does no damage.
Aiming: Necrotise (safe; 4% risk of failure)
Press: ? - help, Q - select action, (/) - cycle Shift-Dir - straight line, f/p - gnoll bouda
Aim: a gnoll bouda, wielding a +0 club and wearing a +0 robe (severely wounded, chance to affect: 71%)
The gnoll bouda struggles to resist.
A gnoll comes into view. It is wielding a +0 spear.
The gnoll bouda barks out a call to the hunt!
The gnoll picks up the pace!
The gnoll hits you from afar with a +0 spear.
The gnoll shouts!
Aiming: Necrotise (safe; 4% risk of failure)
Press: ? - help, Q - select action, (/) - cycle Shift-Dir - straight line, f/p - gnoll bouda
Aim: a gnoll bouda, wielding a +0 club and wearing a +0 robe (severely wounded, chance to affect: 71%)
The gnoll bouda writhes in agony.
The gnoll bouda gazes fiercely through you!
You feel your attacks grow feeble. The gnoll bouda misses you.
The gnoll closely misses you.
You don't have enough magic to cast this spell.
You hit the gnoll bouda but do no damage.
The gnoll bouda is severely wounded.
The gnoll bouda hits you with a +0 club!
The gnoll hits you from afar with a +0 spear.
You hit the gnoll bouda.
The gnoll bouda is almost dead.
The gnoll bouda hits you with a +0 club!
The gnoll barely misses you.
You closely miss the gnoll bouda.
The gnoll bouda is almost dead.
The gnoll bouda closely misses you.
The gnoll hits you from afar with a +0 spear!
* * * LOW HITPOINT WARNING * * *
You hit the gnoll bouda but do no damage.
The gnoll bouda is almost dead.
Your attacks no longer feel as feeble.
The gnoll bouda hits you with a +0 club.
* * * LOW HITPOINT WARNING * * *
The gnoll hits you from afar with a +0 spear!
You die...
Kikubaaqudgha rasps: "You have failed me!
Welcome... death!"

##....# #.#.###
......####.#.#..
...........#.#.#
...).......#.#.#
#.)).......#.#.#
.............#.## .
#...............# ...
................###...#
##########.###..@ggg..#
.......#<#.# #..###...#
######.#.#.# #..# .#
#......#.# #..#
#.##.###.# #..# #.##.#
#... #.##.# .... #.##.#
#.... #.##.#


You could see a gnoll bouda and 2 gnolls.

Vanquished Creatures
  Natasha (D:2)
  4 gnolls (D:4)
  2 adders
  2 worms
  5 orcs (D:4)
  5 ball pythons
  5 bats
  4 endoplasms
  2 giant cockroaches
  3 goblins (D:2)
  4 hobgoblins
  A quokka (D:2)
  6 frilled lizards
  5 kobolds
  2 rats
51 creatures vanquished.

Vanquished Creatures (others)
  3 fungi (D:3)
  A plant (D:3)
4 creatures vanquished.

Grand Total: 55 creatures vanquished

Notes
Turn   | Place    | Note
-------+----------+-------------------------------------------
     0 | D:1      | Angani the Draconian Necromancer began the quest for the
                  | Orb.
     0 | D:1      | Reached XP level 1. HP: 14/14 MP: 3/3
   477 | D:1      | Reached skill level 1 in Unarmed Combat
   477 | D:1      | Reached XP level 2. HP: 20/20 MP: 5/5
  1027 | D:2      | Reached XP level 3. HP: 26/26 MP: 6/6
  1392 | D:2      | Noticed Natasha
  1399 | D:2      | Killed Natasha
  1550 | D:2      | Noticed Natasha
  1666 | D:3      | Learned a level 1 spell: Beastly Appendage
  1685 | D:3      | Found an ancient bone altar of Kikubaaqudgha.
  1693 | D:3      | Reached XP level 4. HP: 30/33 MP: 7/7
  1728 | D:3      | Became a worshipper of Kikubaaqudgha
  2003 | D:3      | Found a runed translucent gate.
  2003 | D:3      | Found a runed translucent gate.
  2003 | D:3      | Found a runed translucent gate.
  2005 | D:3      | Noticed a kobold brigand
  2005 | D:3      | Noticed Leeroy's ghost (amateur OpTm)
  2964 | D:4      | Reached skill level 1 in Transmutations
  3046 | D:4      | Reached XP level 5. HP: 38/38 MP: 8/8
  3081 | D:4      | Slain by a gnoll

Illustrated notes

Levels and vault maps discovered:
D:1:      dpeg_chamrin_arrival_tetris, layout_basic
D:2:      layout_loops_corners, uniq_natasha
D:3:      layout_basic, amcnicky_altar_gilded, gammafunk_ghost_nasty_kobolds
D:4:      layout_basic, nicolae_tso_besieged_by_evil, kennysheep_little_box

Skill      XL: |  1  2  3  4 |
---------------+-------------+-----
Stealth        | 2 3 |  3.6
Unarmed Combat | 1 2 |  2.9
Transmutations | 1 |  1.3
Fighting       | |  0.2
Dodging        | |  1.7
Spellcasting   | |  2.0
Necromancy     | |  4.0

Action                     |  1- 3 |  4- 6 || total
---------------------------+-------+-------++-------
  Melee: Unarmed           |   106 |    28 ||   134
         Tailslap          |     6 |     4 ||    10
         Punch             |     1 |       ||     1
   Cast: Necrotise         |    18 |    38 ||    56
  Evoke: Wand              |       |     2 ||     2
    Use: Scroll            |       |    12 ||    12
   Stab: Sleeping          |     4 |     1 ||     5
 Armour: Skin              |    32 |     5 ||    37
  Dodge: Dodged            |    80 |    30 ||   110

Table legend: (Time is in decaauts)
 A = Elapsed time spent in this place.
 B = Non-inter-level travel time spent in this place.
 C = Inter-level travel time spent in this place.
 D = Time resting spent in this place.
 E = Time spent auto-exploring this place.
 F = Levels seen in this place.
 G = Mean time per level.
                   A        B        C        D        E       F      G
               +--------+--------+--------+--------+--------+-----+--------+
         Total |   3077 |   3001 |     76 |    147 |   2388 |   4 |  769.2 |
       Dungeon |   3077 |   3001 |     76 |    147 |   2388 |   4 |  769.2 |
               +--------+--------+--------+--------+--------+-----+--------+

Top non-repeatable levels by time:
     D:3: 1159 daAuts
     D:2: 1018 daAuts
     D:1: 640 daAuts
     D:4: 258 daAuts
